 Dungeon Crawl Stone Soup version 0.28-a0-653-g7e9dba17c3 (webtiles) character file.

Game seed: 11875730841515402662

16 HilariousDeathArtist the Gusty (level 2, 0/20 HPs)
             Began as a Ghoul Air Elementalist on Oct 11, 2021.
             Slain by a kobold (3 damage)
             ... on level 1 of the Dungeon.
             The game lasted 00:01:39 (1129 turns).

HilariousDeathArtist the Gusty (GhAE)               Turns: 1129, Time: 00:01:40

Health: 0/20       AC:  2    Str: 11    XL:     2   Next: 58%
Magic:  0/3        EV: 12    Int: 10    God:
Gold:   27         SH:  0    Dex:  9    Spells: 3/4 levels left

rFire   . . .      SeeInvis .   (no weapon)
rCold   + . .      Faith    .   (no shield)
rNeg    + + +      Spirit   .   a - +0 robe
rPois   ∞          Reflect  .   (no helmet)
rElec   .          Harm     .   (no cloak)
rCorr   .          Rampage  .   (no gloves)
Will    .....                   (no boots)
Stlth   ++........              (no amulet)
HPRegen 0.00/turn               (no ring)
MPRegen 0.08/turn               (no ring)

@: inhibited regen
A: claws 1, cold resistance 1, negative energy resistance 3, inhibited
regeneration, torment resistance 2
a: no special abilities


You were on level 1 of the Dungeon.
You visited 1 branch of the dungeon, and saw 1 of its levels.

You collected 27 gold pieces.

Inventory:

Hand Weapons
 b - a +0 whip
   (You found it on level 1 of the Dungeon)
 c - a +0 club
   (You took it off a kobold on level 1 of the Dungeon)
 d - a +0 short sword
   (You took it off a kobold on level 1 of the Dungeon)
 e - a +0 short sword
   (You took it off a kobold on level 1 of the Dungeon)
 f - a +0 club
   (You took it off a goblin on level 1 of the Dungeon)
 h - a +0 spear
   (You found it on level 1 of the Dungeon)
Missiles
 s - 31 stones
Armour
 a - a +0 robe (worn)
Scrolls
 i - a scroll of summoning {unknown}
Potions
 J - 2 potions of curing {@q1}


   Skills:
 - Level 1.7 Dodging
 - Level 2.1 Stealth
 - Level 1.7 Spellcasting
 + Level 2.0 Conjurations
 + Level 2.4 Air Magic


You had 3 spell levels left.
You knew the following spells:

 Your Spells              Type           Power      Damage    Failure   Level
a - Shock                 Conj/Air       20%        1d4       13%         1

Your spell library contained the following spells:

 Spells                   Type           Power      Damage    Failure   Level
 Static Discharge         Conj/Air       5%         N/A       19%         2
 Swiftness                Air            5%         N/A       34%         3
 Airstrike                Air            2%         N/A       75%         4


Dungeon Overview and Level Annotations

Branches:
Dungeon (1/15)

Altars:


Innate Abilities, Weirdness & Mutations

You thrive by killing the living.
You are immune to poison.
You have sharp fingernails.
Your flesh is cold resistant. (rC+)
You are immune to negative energy. (rN+++)
You do not regenerate when monsters are visible.
You are immune to unholy pain and torment.


Message History

No target in view!
You open the door.
There is an open door here.
There is an open door here.
There is a stone staircase leading down here.
You open the door.
There is an open door here.
There is an escape hatch in the floor here.
A kobold comes into view. It is wielding a +0 dagger.
A kobold is nearby!
A kobold is nearby!
The zap hits the kobold.
The kobold shouts!
You now have 2/3 mp.
The zap hits the kobold.
A kobold comes into view. It is wielding a +0 dagger.
A ball python comes into view.
The kobold shouts!
The kobold throws a stone.
The stone barely misses you.
The ball python hisses angrily.
The kobold hits you with a +0 dagger.
You scratch the kobold but do no damage.
The kobold misses you.
A rat comes into view.
The kobold throws a stone.
The stone barely misses you.
You scratch the kobold but do no damage.
The kobold hits you but does no damage.
You barely miss the kobold. The bat hits you but does no damage. x2
The kobold closely misses you.
You barely miss the kobold. The bat closely misses you.
The kobold barely misses you. The ball python barely misses you.
The ball python grabs you. The ball python constricts you.
You scratch the ball python but do no damage.
The bat closely misses you. The bat hits you but does no damage.
The kobold hits you with a +0 dagger. The ball python closely misses you.
The ball python constricts you. The kobold hits you with a +0 dagger.
You closely miss the ball python. The bat barely misses you.
The ball python barely misses you. The ball python constricts you.
The kobold hits you with a +0 dagger. x2; The ball python closely misses you.
The ball python constricts you.
You are too injured to fight recklessly!
You are too injured to fight recklessly!
You are too injured to fight recklessly!
Unknown command.
There are monsters nearby!
You take 8 damage, and have 12/20 hp.
MASSIVE DAMAGE!!
You now have 1/3 mp.
The ball python's grasp on you weakens, but your attempt to escape fails.
The bat barely misses you. x2; The kobold hits you with a +0 dagger.
The ball python bites you. The ball python constricts you.
The kobold completely misses you.
You take 4 damage, and have 8/20 hp.
You escape the ball python's grasp.
The bat hits you. The kobold closely misses you.
You take 1 damage, and have 7/20 hp.
The bat hits you but does no damage. The bat barely misses you.
The bat hits you but does no damage. The bat hits you.
* * * LOW HITPOINT WARNING * * *
You take 1 damage, and have 6/20 hp.
The bat misses you.
The kobold throws a stone.
The stone barely misses you. The bat misses you.
The bat hits you but does no damage.
MP restored: 3 Sorry, you're not good enough to have a special ability.
It was a potion of curing.
You feel better.
J - 2 potions of curing The kobold hits you with a +0 dagger.
You regained 2 hp, and now have 8/20 hp.
Aim: a kobold, wielding a +0 dagger (moderately wounded, 55% to hit)
You miscast Shock.
You are very lightly contaminated with residual magic.
Nothing appears to happen.
The kobold closely misses you.
You now have 2/3 mp.
Aim: a kobold, wielding a +0 dagger (moderately wounded, 55% to hit)
The zap hits the kobold but does no damage. x2
The zap hits the bat.
You kill the bat!
You feel better.
The zap hits the rat.
The kobold hits you with a +0 dagger.
You now have 1/3 mp.
Aim: a kobold, wielding a +0 dagger (moderately wounded, 55% to hit)
The zap hits the kobold. x2; The zap misses the rat.
The kobold hits you with a +0 dagger.
You take 1 damage, and have 7/20 hp.
You now have 0/3 mp.
Unknown command.
Your magical contamination has completely faded away.
Aim: a rat (64% to hit)
The zap hits the kobold but does no damage.
The zap hits the kobold.
The zap hits the ball python.
The zap hits the rat.
The kobold barely misses you.
You now have 0/3 mp.
You barely miss the kobold. The kobold closely misses you.
You completely miss the kobold. The kobold hits you with a +0 dagger.
* * * LOW HITPOINT WARNING * * *
You take 4 damage, and have 3/20 hp.
You closely miss the kobold. The kobold hits you with a +0 dagger.
You die...

#.# # .
.###.#.#######
........rS....#
#####.#.#####.#
...#.# #r####
### #.# #S#..
..# #K#.# ###
#K#.#####.
#.@.......
#.#.......
##########


You could see a ball python, 2 kobolds and a rat.

Vanquished Creatures
  A giant cockroach (D:1)
  3 hobgoblins (D:1)
  3 quokkas (D:1)
  2 ball pythons (D:1)
  2 bats (D:1)
  A goblin (D:1)
  3 kobolds (D:1)
  A rat (D:1)
16 creatures vanquished.

Vanquished Creatures (others)
  3 fungi (D:1)
  A plant (D:1)
4 creatures vanquished.

Grand Total: 20 creatures vanquished

Notes
Turn   | Place    | Note
-------+----------+-------------------------------------------
     0 | D:1      | HilariousDeathArtist the Ghoul Air Elementalist began the
                  | quest for the Orb.
     0 | D:1      | Reached XP level 1. HP: 14/14 MP: 2/2
    55 | D:1      | Reached skill level 1 in Conjurations
   558 | D:1      | Reached XP level 2. HP: 20/20 MP: 1/3
  1011 | D:1      | Reached skill level 2 in Conjurations
  1128 | D:1      | HP: 3/20 [kobold (4)]
  1129 | D:1      | Slain by a kobold

Illustrated notes

Levels and vault maps discovered:
D:1:      dpeg_arrival_signposts, layout_basic,
          shapermc_ecumenical_altar_acropolis

Skill      XL: |  1  2 |
---------------+-------+-----
Conjurations   | 1 2 |  2.0
Dodging        | |  1.7
Stealth        | |  2.1
Spellcasting   | |  1.7
Air Magic      | |  2.4

Action                   || total
-------------------------++-------
Melee: Unarmed           ||    59
 Cast: Shock             ||    23
  Use: Potion            ||     1
Armor: Robe              ||    21
Dodge: Dodged            ||    54

Table legend: (Time is in decaauts)
 A = Elapsed time spent in this place.
 B = Non-inter-level travel time spent in this place.
 C = Inter-level travel time spent in this place.
 D = Time resting spent in this place.
 E = Time spent auto-exploring this place.
 F = Levels seen in this place.
 G = Mean time per level.
                   A        B        C        D        E       F      G
               +--------+--------+--------+--------+--------+-----+--------+
         Total |   1129 |   1129 |      0 |    519 |    403 |   1 | 1129.0 |
       Dungeon |   1129 |   1129 |      0 |    519 |    403 |   1 | 1129.0 |
               +--------+--------+--------+--------+--------+-----+--------+

Top non-repeatable levels by time:
     D:1: 1129 daAuts

Table legend:
 A = Kills in this place as a percentage of kills in entire the game.
 B = Kills by you in this place as a percentage of kills by you in the entire game.
 C = Kills by friends in this place as a percentage of kills by friends in the entire game.
 D = Other kills in this place as a percentage of other kills in the entire game.
 E = Experience gained in this place as a percentage of experience gained in the entire game.
 F = Experience gained in this place divided by the number of levels of this place that you have seen.
                   A       B       C       D       E      F
               +-------+-------+-------+-------+-------+----------------------
         Total | 100.0 | 100.0 |   N/A |   N/A | 100.0 |  24.0
       Dungeon | 100.0 | 100.0 |   N/A |   N/A | 100.0 |  24.0
               +-------+-------+-------+-------+-------+----------------------
